 Dungeon Crawl Stone Soup version 0.20.0-8-g6b59dc7 (webtiles) character file.

1537 Mesmaeker13 the Stinger (level 8, -7/62 HPs)
             Began as a Naga Wizard on May 31, 2017.
             Splashed by a jelly's acid (10 damage)
             ... on level 5 of the Dungeon.
             The game lasted 00:16:51 (5394 turns).

Mesmaeker13 the Stinger (Naga Wizard)               Turns: 5394, Time: 00:16:51

Health: -7/62      AC:  1    Str: 10    XL:     8   Next: 86%
Magic:  12/12      EV: 12    Int: 20    God:
Gold:   254        SH:  0    Dex: 15    Spells: 7/13 levels left

rFire    . . .     SeeInvis +   p - +1 spear (freeze)
rCold    + . .     Gourm    .   (no shield)
rNeg     . . .     Faith    .   A - +3 leather armour {rC+}
rPois    +         Spirit   .   b - +1 hat
rElec    .         Reflect  .   i - +0 cloak (curse)
rCorr    .         Harm     .   (no gloves)
MR       +....                  (no barding)
Stlth    ++........             (no amulet)
Regen    0.2/turn               q - +3 ring of dexterity
MPRegen  0.2/turn               k - +2 ring of dexterity

@: corroded, very slow
A: see invisible, deformed body, poison resistance, slowness 2, slow metabolism
1, spit poison 1, AC +2
a: Spit Poison


You were on level 5 of the Dungeon.
You were hungry.

You visited 1 branch of the dungeon, and saw 5 of its levels.

You collected 254 gold pieces.

Inventory:

Hand Weapons
 p - a +1 spear of freezing (weapon)
 y - a +0 whip of electrocution
 C - a cursed -2 dagger
Missiles
 n - 8 poisoned javelins (quivered)
Armour
 b - a +1 hat (worn)
 i - a cursed +0 cloak (worn)
 A - a +3 leather armour of cold resistance (worn)
Jewellery
 k - a +2 ring of dexterity (right hand)
 q - a +3 ring of dexterity (left hand)
Wands
 z - a wand of polymorph (3/24)
 D - a wand of random effects (38/48)
Scrolls
 e - a scroll of amnesia {unknown}
 f - a scroll of enchant armour
 g - a scroll of teleportation {unknown}
 h - a scroll of blinking {unknown}
 r - 3 scrolls of magic mapping
 s - 2 scrolls of fear {unknown}
 u - a scroll of immolation {unknown}
 v - 2 scrolls of enchant weapon {unknown}
 x - 2 scrolls of remove curse {unknown}
 B - a scroll of fog {unknown}
Potions
 a - a potion of curing
 l - 2 potions of lignification {unknown}
 m - a potion of brilliance
 o - 3 potions of agility {unknown}
 t - a potion of flight {unknown}
 E - a potion of haste {unknown}
Books
 c - a book of Minor Magic

   Spells                             Type                      Level
   a - Magic Dart                     Conjuration                  1
   b - Blink                          Translocation                2
   c - Call Imp                       Summoning                    2
   d - Slow                           Hexes                        2
   e - Conjure Flame                  Conjuration/Fire             3
   f - Mephitic Cloud                 Conjuration/Poison/Air       3
Comestibles
 d - 4 bread rations
 j - 3 royal jellies
 w - a meat ration


   Skills:
 + Level 4.8 Dodging
 - Level 3.0 Stealth
 + Level 3.0 Spellcasting
 * Level 5.7 Conjurations
 - Level 4.0 Summonings
   Level 1.0 Translocations
 + Level 3.0 Air Magic
 - Level 6.1 Poison Magic


You had 7 spell levels left.
You knew the following spells:

 Your Spells              Type           Power        Failure   Level  Hunger
a - Magic Dart            Conj           ####         1%          1    None
b - Call Imp              Summ           ###.....     5%          2    ##.....
c - Mephitic Cloud        Conj/Pois/Air  ###.....     8%          3    ###....


Dungeon Overview and Level Annotations

Branches:
Dungeon (5/15)
 Temple: D:4-7

Altars:

Shops:
D:4 (


Innate Abilities, Weirdness & Mutations

You cannot wear boots.
Your serpentine skin is tough. (AC +2)
You have supernaturally acute eyesight. (SInv)
Armour fits poorly on your strangely shaped body.
Your system is resistant to poisons. (rPois)
You cover ground very slowly.
You have a slow metabolism.
You can spit poison.


Message History

The jelly closely misses you. The jelly hits you but does no damage.
Press: ? - help, Shift-Dir - straight line, f/p - jelly
Aim: a jelly (severely wounded)
The splash of poison hits the jelly.
The jelly is poisoned.
The jelly is severely wounded.
You feel slightly more hungry. The jelly hits you. The acid corrodes you!
You are splashed with acid!
The acid burns!
* * * LOW HITPOINT WARNING * * *
Unknown command.
You have got your breath back.
The jelly looks more healthy.
The jelly hits you.
* * * LOW HITPOINT WARNING * * *
You are splashed with acid!
The acid burns!
* * * LOW HITPOINT WARNING * * *
The jelly hits you.
* * * LOW HITPOINT WARNING * * *
You are splashed with acid!
The acid burns!
You die...

..#######.## #...#
.......... #.#.#
...........#...#...#
...........#.#.#.#.#
..##...........#...#
..#............#.###
.....<.....#...#...#
........)......#J#.#####
...........#...#@..#...##
...............'.#.#....##
......(....##.)#...#.....#
......(#.)####.#.#.#.....#
.....#.#.###...#...#.....#
......(((......#.###.....#
...).###.##.####...#.....#
.......#.#..# #.#.#....##
#.#..#.....## #...#.....#


You could see a jelly.

Vanquished Creatures
  Pikel (D:4)
  Eustachio (D:5)
  2 sky beasts (D:5)
  3 slaves (D:4)
  2 ogres (D:4)
  A centaur (D:5)
  Dowan (D:5)
  A howler monkey (D:4)
  A bullfrog zombie (D:5)
  A centaur skeleton (D:4)
  An orc wizard (D:4)
  3 worker ants
  2 hound zombies (D:5)
  A worker ant zombie (D:5)
  Robin (D:4)
  10 adders
  An adder skeleton (D:4)
  2 worms (D:2)
  2 dart slugs
  4 leopard geckos
  11 orcs
  3 giant cockroaches
  11 goblins
  10 hobgoblins
  10 jackals
  2 quokkas (D:3)
  2 ball pythons
  9 bats
  6 frilled lizards
  6 kobolds
  A quokka skeleton (D:5)
  4 rats
116 creatures vanquished.

Vanquished Creatures (collateral kills)
  Duvessa (D:5)
  A centaur (D:5)
  A jelly (D:5)
  Ijyb (D:3)
  3 adders (D:2)
  An orc (D:3)
  2 hobgoblins
  A jackal (D:5)
  A rat (D:2)
12 creatures vanquished.

Grand Total: 128 creatures vanquished

Notes
Turn   | Place    | Note
-------+----------+-------------------------------------------
     0 | D:1      | Mesmaeker13 the Naga Wizard began the quest for the Orb.
     0 | D:1      | Reached XP level 1. HP: 15/15 MP: 4/4
   562 | D:1      | Reached XP level 2. HP: 18/22 MP: 0/6
  1153 | D:1      | Reached XP level 3. HP: 28/28 MP: 3/7
  1227 | D:2      | Learned a level 2 spell: Call Imp
  1476 | D:2      | Reached XP level 4. HP: 35/36 MP: 2/8
  2002 | D:3      | Learned a level 3 spell: Mephitic Cloud
  2130 | D:3      | Noticed Ijyb
  2150 | D:3      | Killed Ijyb
  2150 | D:3      | Reached skill level 1 in Poison Magic
  2150 | D:3      | Reached XP level 5. HP: 32/42 MP: 4/9
  2938 | D:4      | Found Umnumom's Antique Weapon Boutique.
  3005 | D:4      | Reached skill level 2 in Poison Magic
  3229 | D:4      | Noticed an ogre
  3273 | D:4      | Killed an ogre
  3273 | D:4      | Reached XP level 6. HP: 39/49 MP: 5/10
  3369 | D:4      | Noticed a slave
  3369 | D:4      | Noticed a slave
  3414 | D:4      | Killed a slave
  3497 | D:4      | Noticed a slave
  3501 | D:4      | Noticed Pikel
  3501 | D:4      | Noticed a slave
  3538 | D:4      | Killed a slave
  3661 | D:4      | Killed a slave
  3662 | D:4      | Killed Pikel
  3662 | D:4      | Reached skill level 3 in Poison Magic
  3662 | D:4      | Reached XP level 7. HP: 40/55 MP: 8/11
  3724 | D:4      | Reached skill level 4 in Poison Magic
  4075 | D:4      | Noticed Robin
  4091 | D:4      | Killed Robin
  4099 | D:4      | Reached skill level 1 in Air Magic
  4439 | D:5      | Entered Level 5 of the Dungeon
  4456 | D:4      | Reached XP level 8. HP: 55/62 MP: 9/12
  4626 | D:5      | Noticed Eustachio
  4722 | D:5      | Killed Eustachio
  4722 | D:5      | Reached skill level 5 in Poison Magic
  4754 | D:5      | Reached skill level 5 in Conjurations
  4992 | D:5      | Noticed Dowan
  5003 | D:5      | Noticed Duvessa
  5010 | D:5      | Killed Dowan
  5041 | D:5      | Killed Duvessa
  5269 | D:5      | Reached skill level 6 in Poison Magic
  5394 | D:5      | HP: 3/62 [jelly (2)]
  5394 | D:5      | Splashed by a jelly's acid

Skill      XL: |  1  2  3  4  5  6  7  8 |
---------------+-------------------------+-----
Dodging        | 2 3 4 |  4.8
Conjurations   | 2 3 4 5 |  5.7
Summonings     | 2 3 4 |  4.0
Poison Magic   | 1 2 3 4 6 |  6.1
Air Magic      | 1 3 |  3.0
Stealth        | |  3.0
Spellcasting   | |  3.0
Translocations | |  1.0

Action                   |  1- 3 |  4- 6 |  7- 9 || total
-------------------------+-------+-------+-------++-------
Melee: Unarmed           |     4 |     9 |       ||    13
       Hand axe          |    34 |    44 |       ||    78
       Spear             |       |   100 |   219 ||   319
Throw: Javelin           |     2 |    10 |       ||    12
 Cast: Magic Dart        |    58 |    37 |     9 ||   104
       Call Imp          |     5 |     7 |     5 ||    17
       Mephitic Cloud    |       |     2 |    14 ||    16
 Abil: Spit Poison       |     3 |    18 |    16 ||    37
  Use: Scroll            |       |     5 |       ||     5
 Stab: Confused          |       |     3 |     7 ||    10
       Sleeping          |       |     1 |     3 ||     4
       Distracted        |       |     1 |       ||     1
  Eat: Chunk             |     1 |     7 |     7 ||    15
Armor: Robe              |    20 |    12 |       ||    32
       Leather armour    |       |    54 |   101 ||   155
Dodge: Dodged            |    36 |    90 |   123 ||   249
